 Dungeon Crawl Stone Soup version 0.32-a0-928-g1cae6b7ea0 (webtiles) character file.

Game seed: 3051337045792716361

12882 porpoise the Marksminotaur (level 11, -6/87 HPs)
             Began as a Minotaur Hunter on Apr 12, 2024.
             Was a Believer of Hepliaklqana.
             Mangled by a white ugly thing (13 damage)
             ... on level 9 of the Dungeon.
             The game lasted 00:32:42 (10941 turns).

porpoise the Marksminotaur (Minotaur Hunter)       Turns: 10941, Time: 00:32:45

Health: -6/87      AC:  8    Str: 17    XL:     11   Next: 68%
Magic:  14/14      EV: 20    Int:  6    God:    Hepliaklqana [**....]
Gold:   517        SH:  5    Dex: 17    Spells: 10/10 levels left

rFire   . . .        a - +0 orcbow (freeze)
rCold   + . .        (shield currently unavailable)
rNeg    . . .        S - +0 steam dragon scales
rPois   .            (helmet restricted)
rElec   .            g - +0 cloak
rCorr   .            p - +0 pair of gloves
SInv    .            (no boots)
Will    .....        J - amulet of reflection
Stlth   ++           q - ring of protection from cold
HPRegen 0.34/turn    j - +5 ring of evasion
MPRegen 0.14/turn

%: reflection
@: no status effects
A: reduced essence, horns 2, retaliatory headbutt
a: Renounce Religion, Recall Ancestor, Ancestor Identity


You were on level 9 of the Dungeon.
You worshipped Hepliaklqana.
Hepliaklqana was pleased with you.
You visited 1 branch of the dungeon, and saw 9 of its levels.
You also visited: Sewer.

You collected 583 gold pieces.
You spent 66 gold pieces at shops.

Inventory:

Hand Weapons
 a - a +0 orcbow of freezing (weapon)
 b - a +4 vampiric trident
 O - a +0 shortbow of flaming
 R - the +6 whip "Ihajiaczygg" {venom, *Noise rElec rF+++ Int-5}
   (You found it on level 6 of the Dungeon)

   Int-5:     It affects your intelligence (-5).
   rF+++:     It renders you almost immune to fire.
   rElec:     It insulates you from electricity.
   *Noise:    It may make a loud noise when swung.
Missiles
 l - 33 poisoned darts
 o - 3 curare-tipped darts
Armour
 g - a +0 cloak (worn)
 k - the +0 leather armour of the Mind {+Blink Will+}
   (You found it on level 7 of the Dungeon)

   Will+:     It increases your willpower.
   +Blink:    It lets you blink.
 p - a +0 pair of gloves (worn)
 w - a +1 scale mail of willpower
 D - an orb of energy
 G - an orb of mayhem
 L - an orb of wrath
 S - +0 steam dragon scales (worn)
Jewellery
 j - a +5 ring of evasion (right hand)
 q - a ring of protection from cold (left hand)
 y - a ring of ice
 H - a ring of fire
 J - an amulet of reflection (around neck)
 K - an amulet of the acrobat
 P - an amulet of faith
Wands
 c - a wand of mindburst (15)
 h - a wand of acid (11)
 E - a wand of charming (9)
Scrolls
 e - 5 scrolls of teleportation
 m - a scroll of butterflies
 r - a scroll of blinking
 s - 2 scrolls of immolation
 x - a scroll of fear
 A - a scroll of vulnerability {unknown}
 B - 2 scrolls of summoning {unknown}
 F - 2 scrolls of amnesia
 N - a scroll of enchant weapon {unknown}
Potions
 d - 2 potions of curing
 f - a potion of ambrosia
 i - a potion of lignification
 n - a potion of attraction
 t - 2 potions of cancellation
 u - a potion of magic
 v - 3 potions of invisibility
 z - 2 potions of enlightenment
 C - a potion of resistance
 I - a potion of might
 M - a potion of berserk rage
 Q - a potion of haste {unknown}


   Skills:
 - Level 9.0 Fighting
 - Level 2.0 Polearms
 * Level 15.0 Ranged Weapons
 - Level 5.0 Armour
 - Level 7.0 Dodging
 - Level 0.7 Stealth
 + Level 6.1 Invocations
 - Level 5.0 Evocations


You had 10 spell levels left.
You didn't know any spells.
Your spell library contained the following spells:

 Spells                   Type           Power      Damage    Failure   Level
 Cigotuvi's Dreadful Rot  Necr/Alch/Air  0%         N/A       58%         2
 Ensorcelled Hibernation  Hex/Ice        0%         N/A       58%         2
 Static Discharge         Conj/Air       0%         3-3/arc   58%         2
 Passwall                 Erth           0%         N/A       83%         3
 Swiftness                Air            0%         N/A       83%         3
 Airstrike                Air            0%         2d(0-16)  99%         4
 Dispel Undead            Necr           0%         3d6       99%         4
 Martyr's Knell           Necr/Summ      0%         N/A       99%         4
 Summon Lightning Spire   Summ/Air       0%         N/A       99%         4
 Dispersal                Tloc           0%         N/A       100%        6
 Gell's Gavotte           Tloc           0%         2d(11-16) 100%        6
 Manifold Assault         Tloc           0%         N/A       100%        7
 Disjunction              Tloc           0%         N/A       100%        8


Dungeon Overview and Level Annotations

Branches:
Dungeon (9/15)             Temple (0/1) D:5           Sewer (visited)
   Lair: D:8-11         Orc: D:9-12

Altars:
Dithmenos
Hepliaklqana
Makhleb
Yredelemnul
Zin
The Shining One
Lugonu

Shops:
D:1 *   D:4 *

Portals:
Abyss: D:5


Innate Abilities, Weirdness & Mutations

Your life essence is reduced to manifest your ancestor. (-10% HP)
You have a pair of horns on your head.
You reflexively headbutt those who attack you in melee.


Message History

The white ugly thing is moderately wounded.
The wight closely misses you.
Nikki blocks the orc wizard's attack.
The white ugly thing barely misses you.
You shoot an arrow. The arrow hits the white ugly thing!
The white ugly thing is heavily wounded.
The wight completely misses you. You furiously retaliate!
You headbutt the wight.
Nikki blocks the orc wizard's attack.
The white ugly thing stings you! The white ugly thing freezes you! You resist.
You shoot an arrow.
The arrow barely misses the white ugly thing.
Nikki avoids your attack. The wight barely misses you. You furiously retaliate!
You headbutt the wight.
The orc wizard points at you and mumbles some strange words.
The magic dart hits Nikki but does no damage.
You shoot an arrow.
The arrow hits the wight but does no damage.
The wight is almost destroyed.
The white ugly thing stings you but does no damage.
You shoot an arrow. The arrow hits the wight.
You destroy the wight!
The orc wizard jeers noisily, in orcish tradition.
The orc wizard hits Nikki but does no damage.
The white ugly thing stings you! The white ugly thing freezes you! You resist.
* * * LOW HITPOINT WARNING * * *
You are too injured to fight recklessly!
You shoot an arrow. The arrow hits the white ugly thing!
The arrow freezes the white ugly thing.
The white ugly thing is severely wounded.
The orc wizard hits Nikki but does no damage.
The white ugly thing stings you.
* * * LOW HITPOINT WARNING * * *
The white ugly thing freezes you! You resist.
* * * LOW HITPOINT WARNING * * *
You feel better.
The orc wizard hits Nikki with a +0 flail.
The white ugly thing stings you.
* * * LOW HITPOINT WARNING * * *
The white ugly thing freezes you! You resist.
You die...
Hepliaklqana delivers you to your ancestors.

'#########'## ##
.....#...#..#..#.# ##
.#.#.##..#....##.# ..#
#.#..#.........#.. ..
...#.###.$######.#.. .
..#..'.........'.#. ..
...#.###.....###..# ## o.§
#.#..#...#.....#$#.#.# ..≈o
.#.#.#...#..#.##@##..#..§≈o
.....#.#.#..# .#u##..o)..≈Y
'#########'### #R##u# .#
##....)###.o.)## #
#.....).##.#...#
#...#.#.).#.#..###
#..##.##..#...)..# .'..
.#....()#..##### ###.
##.##..#)#......#


You could see the friendly Nikki the knight (retreating), a white ugly thing and
an orc wizard.

Vanquished Creatures
  A boulder beetle (D:8)
  3 two-headed ogres
  Pikel (D:7)
  2 cyclopes (D:9)
  2 manticores (D:9)
  A gargoyle (D:7)
  Jeremiah (D:8)
  Prince Ribbit (D:8)
  Grinder (D:4)
  A shadow (D:9)
  A spriggan (shapeshifter) (D:9)
  2 wyverns (D:7)
  2 vampire mosquitoes (D:9)
  Menkaure (D:6)
  2 water moccasins
  4 orc warriors (D:9)
  3 ice beasts
  A black bear (D:6)
  An ogre (D:6)
  3 centaurs (D:9)
  2 phantoms
  A lemure (D:7)
  8 kobold brigands
  2 gnoll sergeants
  6 scorpions
  11 wights
  11 killer bees
  3 howler monkeys
  A bullfrog zombie (D:6)
  A centaur zombie (D:6)
  4 bombardier beetles
  4 hounds
  5 orc priests
  A jelly (D:5)
  2 sleepcaps
  Jessica (D:3)
  An iguana (D:5)
  10 orc wizards
  7 gnolls
  3 adders
  6 river rats (Sewer)
  2 ufetubi (D:4)
  5 dart slugs
  2 ribbon worms
  37 orcs
  9 ball pythons
  7 endoplasms
  5 giant cockroaches
  5 goblins
  10 hobgoblins
  3 jackals (D:1)
  5 quokkas
  10 bats
  8 frilled lizards
  33 kobolds
  23 rats
  3 lurking horrors (D:5)
291 creatures vanquished.

Vanquished Creatures (collateral kills)
  A boulder beetle (D:8)
  A troll (D:9)
  A raiju (shapeshifter) (D:9)
  A slime creature (D:9)
  A shadow (D:9)
  A steam dragon (D:8)
  2 centaurs
  A gnoll sergeant (D:9)
  A bullfrog (D:9)
  2 wights (D:9)
  A killer bee (D:9)
  An orc priest (D:8)
  2 orc wizards (D:9)
  A gnoll (D:8)
  5 orcs
  3 kobolds
25 creatures vanquished.

Vanquished Creatures (others)
  2 knights
  An orc wizard (D:8)
  3 ancestors (D:7)
  2 orcs
  A kobold (D:9)
9 creatures vanquished.

Grand Total: 325 creatures vanquished

Notes
Turn   | Place    | Note
-------+----------+-------------------------------------------
     0 | D:1      | porpoise the Minotaur Hunter began the quest for the Orb.
     0 | D:1      | Reached XP level 1. HP: 18/18 MP: 0/0
    53 | D:1      | Reached XP level 2. HP: 16/25 MP: 1/1
   115 | D:1      | Reached skill level 1 in Armour
   319 | D:1      | Found Lunas Egei's General Store.
   468 | D:1      | Reached skill level 5 in Ranged Weapons
   502 | D:1      | Reached XP level 3. HP: 31/31 MP: 2/2
  1130 | D:2      | Reached XP level 4. HP: 38/38 MP: 3/3
  1162 | D:2      | Reached skill level 1 in Polearms
  1877 | D:3      | Noticed Jessica
  1878 | D:3      | Noticed a scorpion
  1880 | D:3      | Killed Jessica
  1893 | D:3      | Killed a scorpion
  1894 | D:3      | Reached XP level 5. HP: 9/46 MP: 4/4
  2031 | D:3      | Reached skill level 6 in Ranged Weapons
  2082 | D:3      | Found a glowing drain.
  2092 | Sewer    | Entered a sewer
  2248 | Sewer    | Reached XP level 6. HP: 22/52 MP: 5/5
  2778 | Sewer    | Reached skill level 7 in Ranged Weapons
  3320 | D:3      | Reached XP level 7. HP: 39/60 MP: 6/6
  3383 | D:3      | Reached skill level 5 in Fighting
  4052 | D:4      | Found a glowing silver altar of Zin.
  4065 | D:4      | Noticed Grinder
  4073 | D:4      | Killed Grinder
  4145 | D:4      | Found a shadowy altar of Dithmenos.
  4178 | D:4      | Found Buqaheq's Assorted Antiques.
  4208 | D:4      | Bought a purple potion for 20 gold pieces
  4208 | D:4      | Bought a scroll labelled CONEQA ROSOO for 23 gold pieces
  4208 | D:4      | Bought a scroll labelled WEUCOCZ ARHAM for 23 gold pieces
  4370 | D:4      | Found a glowing golden altar of the Shining One.
  4397 | D:4      | Reached skill level 8 in Ranged Weapons
  4465 | D:4      | Found a burning altar of Makhleb.
  4677 | D:4      | Reached skill level 5 in Armour
  4982 | D:5      | Entered Level 5 of the Dungeon
  4998 | D:5      | Reached XP level 8. HP: 54/70 MP: 7/7
  5090 | D:5      | Reached skill level 1 in Evocations
  5226 | D:5      | Found a faded altar of an unknown god.
  5227 | D:5      | Found a hazy altar of Hepliaklqana.
  5293 | D:5      | Became a worshipper of Hepliaklqana the Forgotten
  5379 | D:5      | Reached skill level 9 in Ranged Weapons
  5497 | D:5      | Found a staircase to the Ecumenical Temple.
  5836 | D:5      | Found a corrupted altar of Lugonu.
  5962 | D:5      | Found a one-way gate to the infinite horrors of the Abyss.
  6393 | D:6      | Identified the +6 whip "Ihajiaczygg" {venom, *Noise rElec
                  | rF+++ Int-5}
  6477 | D:6      | Reached skill level 10 in Ranged Weapons
  6477 | D:6      | Reached XP level 9. HP: 79/79 MP: 8/8
  6672 | D:6      | Reached * piety under Hepliaklqana
  6826 | D:6      | Found a basalt altar of Yredelemnul.
  7128 | D:6      | Noticed Menkaure
  7135 | D:6      | Killed Menkaure
  7502 | D:7      | Noticed a gargoyle
  7520 | D:7      | Killed a gargoyle
  7521 | D:7      | Reached skill level 11 in Ranged Weapons
  8099 | D:7      | Noticed Pikel
  8119 | D:7      | Killed Pikel
  8542 | D:7      | Identified the +0 leather armour of the Mind {+Blink Will+}
  8613 | D:7      | Reached skill level 5 in Evocations
  8613 | D:7      | Reached XP level 10. HP: 81/81 MP: 9/9
  8695 | D:7      | Reached ** piety under Hepliaklqana
  8696 | D:7      | Remembered your ancestor Nikki as a knight
  8733 | D:7      | Reached skill level 12 in Ranged Weapons
  9033 | D:8      | Reached skill level 1 in Invocations
  9257 | D:8      | Noticed a boulder beetle
  9282 | D:8      | Killed a boulder beetle
  9440 | D:8      | Noticed a two-headed ogre
  9445 | D:8      | Killed a two-headed ogre
  9450 | D:8      | Noticed a boulder beetle
  9464 | D:8      | Killed a boulder beetle
  9465 | D:8      | Reached skill level 13 in Ranged Weapons
  9745 | D:8      | Noticed Jeremiah
  9756 | D:8      | Killed Jeremiah
  9767 | D:8      | Noticed Prince Ribbit
  9788 | D:8      | Killed Prince Ribbit
  9958 | D:9      | Reached skill level 5 in Dodging
 10115 | D:9      | Reached XP level 11. HP: 41/87 MP: 13/13
 10209 | D:9      | Noticed a two-headed ogre
 10215 | D:9      | Killed a two-headed ogre
 10252 | D:9      | Reached skill level 14 in Ranged Weapons
 10318 | D:9      | Reached skill level 5 in Invocations
 10322 | D:9      | Noticed a two-headed ogre
 10324 | D:9      | Noticed a white ugly thing
 10397 | D:9      | Upgraded the game from 0.32-a0-918-g0f22ef8d61 to
                  | 0.32-a0-928-g1cae6b7ea0
 10885 | D:9      | Killed a two-headed ogre
 10898 | D:9      | Reached skill level 15 in Ranged Weapons
 10941 | D:9      | Mangled by a white ugly thing

Illustrated notes

Levels and vault maps discovered:
D:1:      roderic_crop_circles_arrival_small, layout_basic, serial_shops, shop
D:2:      layout_loops_corners, serial_forest, infiniplex_forest_end_2,
          infiniplex_forest_lined_3, infiniplex_forest_fountain,
          infiniplex_forest_end_3, infiniplex_forest_clump_tiny,
          infiniplex_forest_end_2, infiniplex_forest_end_double
D:3:      layout_loops_ring, cheibrodos_sewer_entry_sluice, uniq_jessica
D:4:      layout_basic, nicolae_overflow_quartered_altars, serial_shops, shop,
          uniq_grinder
D:5:      layout_loops_ring, beargit_hepliaklqana_dungeon_heroes,
          minmay_temple_entry_crystal_x, amcnicky_altar_lugonu_corruption
D:6:      layout_gridville, lemuel_zombie_altar_yredelemnul,
          kennysheep_generic_room_13, uniq_menkaure
D:7:      layout_basic, uniq_pikel
D:8:      layout_gridville, uniq_jeremiah, uniq_prince_ribbit1
D:9:      minmay_the_grid_3x3 [minmay_the_grid_spikes, minmay_the_grid_plusring,
          minmay_the_grid_fan, minmay_the_grid_gridbox,
          minmay_the_grid_dragon_b, minmay_the_grid_garden,
          minmay_the_grid_minigrid_large, minmay_the_grid_tree,
          minmay_the_grid_prize_four_corners], layout_loops_corners,
          grunt_potential, uniq_maurice

Skill      XL: |  1  2  3  4  5  6  7  8  9 10 11 |
---------------+----------------------------------+-----
Armour         | 1 2 3 4 5 |  5.0
Ranged Weapons | 5 6 7 8 10 11 13 15 | 15.0
Fighting       | 3 4 5 7 8 9 |  9.0
Polearms       | 1 2 |  2.0
Evocations     | 3 5 |  5.0
Invocations    | 4 6 |  6.1
Dodging        | 5 7 |  7.0
Stealth        | |  0.7

Action                     |  1- 3 |  4- 6 |  7- 9 | 10-12 || total
---------------------------+-------+-------+-------+-------++-------
  Melee: Spear             |       |       |     5 |       ||     5
         Shortbow          |       |       |     4 |       ||     4
         Headbutt          |       |       |     1 |       ||     1
         Whip              |       |       |       |     2 ||     2
   Fire: Shortbow          |   143 |   216 |   380 |    18 ||   757
         Orcbow            |       |       |       |   352 ||   352
  Throw: Dart              |       |       |       |     7 ||     7
 Invoke: Ancestor Identity |       |       |     1 |       ||     1
         Ancestor Life: Kn |       |       |       |     1 ||     1
    Use: Scroll            |       |    12 |     6 |     3 ||    21
         Potion            |       |       |     1 |     2 ||     3
 Armour: Leather armour    |    43 |    38 |     6 |       ||    87
         Ring mail         |       |       |    85 |    16 ||   101
         Steam dragon scal |       |       |       |    34 ||    34
  Dodge: Dodged            |    27 |    69 |   105 |    56 ||   257
  Block: Other             |       |       |    17 |    16 ||    33
         Reflection        |       |       |     1 |     3 ||     4

Table legend: (Time is in decaauts)
 A = Elapsed time spent in this place.
 B = Non-inter-level travel time spent in this place.
 C = Inter-level travel time spent in this place.
 D = Time resting spent in this place.
 E = Time spent auto-exploring this place.
 F = Levels seen in this place.
 G = Mean time per level.
                   A        B        C        D        E       F      G
               +--------+--------+--------+--------+--------+-----+--------+
         Total |  10954 |  10680 |    274 |   3156 |   5649 |  10 | 1095.4 |
       Dungeon |   9789 |   9515 |    274 |   2571 |   5329 |   9 | 1087.7 |
         Sewer |   1164 |   1164 |      0 |    585 |    320 |   1 | 1164.0 |
               +--------+--------+--------+--------+--------+-----+--------+

Top non-repeatable levels by time:
     D:7: 1522 daAuts
     D:5: 1406 daAuts
     D:3: 1178 daAuts
   Sewer: 1164 daAuts
     D:6: 1101 daAuts
     D:2: 1007 daAuts
     D:8: 960 daAuts
     D:4: 944 daAuts
     D:9: 899 daAuts
     D:1: 770 daAuts
